[Event "Titled Tuesday Blitz June 13 Early 2023"]
[White "Dudzinski, Pawel"]
[Black "Perez Ponsa, Federico"]
[WhiteFideId "1117890"]
[BlackFideId "117927"]
[WhiteElo "2099"]
[BlackElo "2590"]
[Result "0-1"]
[Round "1"]
[TimeControl "180+2"]
[Date "2023.06.13"]
[WhiteClock "0:00:07"]
[BlackClock "0:01:16"]
[Board "71"]

1. e4 c5 2. c4 Nc6 3. Nc3 g6 4. g3 Bg7 5. Bg2 a6 6. Nge2 b5 7. b3 b4 8. Bb2 bxc3 9. Bxc3 Bxc3 10. dxc3 Rb8 11. f4 Qc7 12. O-O d6 13. Qd2 Nf6 14. h3 h5 15. Rae1 Bb7 16. Qe3 Nd7 17. e5 dxe5 18. f5 g5 19. Qxg5 Nf6 20. Qe3 Na5 21. Rd1 Bxg2 22. Kxg2 Nb7 23. Nc1 e4 24. Ne2 Qe5 25. Nf4 Nd6 26. Nd5 Nxf5 27. Rxf5 Qxf5 28. Qxc5 Nxd5 29. Qxd5 Qf3+ 30. Kh2 Qf2+ 31. Kh1 Qxg3 32. Qd7+ Kf8 33. Rg1 Qf3+ 34. Kh2 Rg8 35. Qc7 Qf2+ 36. Kh1 Qxg1# 0-1


[Site "https://www.chess.com"]

[Event "Titled Tuesday Blitz June 13 Early 2023"]
[White "Bryakin, Mikhail"]
[Black "Akylbek2021"]
[WhiteFideId "4165314"]
[WhiteElo "2464"]
[BlackElo "2457"]
[Result "0-1"]
[Round "1"]
[TimeControl "180+2"]
[Date "2023.06.13"]
[WhiteClock "0:00:00"]
[BlackClock "0:00:04"]
[Board "72"]

1. e4 c5 2. Nf3 Nc6 3. d4 cxd4 4. Nxd4 g6 5. Nc3 Bg7 6. Be3 Nf6 7. Nxc6 bxc6 8. e5 Ng8 9. Bd4 f6 10. Qe2 fxe5 11. Bxe5 Nf6 12. O-O-O O-O 13. f3 Qa5 14. Qc4+ Kh8 15. Bd4 Qc7 16. Be2 e5 17. Bc5 d5 18. Qh4 Re8 19. Bd3 Bf5 20. Bxf5 gxf5 21. g4 Qa5 22. Ba3 d4 23. Ne2 fxg4 24. fxg4 Nd5 25. Ng3 Ne3 26. Rd3 Qa4 27. Rxe3 dxe3 28. Nf5 Qf4 29. Bc5 e2+ 30. Be3 Qf1+ 31. Qe1 Qf3 32. Rg1 Rad8 33. Bd2 e4 34. Rg3 Qf1 35. Ne3 Qxe1+ 36. Bxe1 Be5 37. Rg2 Bf4 38. Rxe2 Rd3 39. cxd3 exd3 40. Rg2 Rxe3 41. Kd1 Re4 42. h3 Kg8 43. Bd2 Be5 44. Rf2 Bxb2 45. Rf3 Ra4 46. Rxd3 Rxa2 47. Rd7 Bg7 48. g5 c5 49. h4 Ra4 50. Rc7 Rxh4 51. Rxc5 Ra4 52. Ke2 Kf7 53. Rc7+ Kg6 54. Rc6+ Kh5 55. Rc7 Kg6 56. Rc6+ Kh5 57. Be3 Ra2+ 58. Kf3 a5 59. Rc7 Kg6 60. Rc6+ Kf5 61. Rc7 Kg6 62. Ra7 a4 63. Bf4 a3 64. Kg4 Rg2+ 65. Kf3 Ra2 66. Ra6+ Kf5 67. Ra5+ Kg6 68. Ra7 Ra1 69. Ra6+ Kh5 70. Ra7 Kg6 71. Ra6+ Kh5 72. Ra7 Rf1+ 73. Kg3 Rg1+ 74. Kf2 Bd4+ 75. Be3 Bxa7 0-1


[Site "https://www.chess.com"]

[Event "Titled Tuesday Blitz June 13 Early 2023"]
[White "Lima, Kleyton Alcantara"]
[Black "Stribuk, Artiom"]
[WhiteFideId "22718397"]
[BlackFideId "13515659"]
[WhiteElo "2009"]
[BlackElo "2303"]
[Result "0-1"]
[Round "1"]
[TimeControl "180+2"]
[Date "2023.06.13"]
[WhiteClock "0:00:02"]
[BlackClock "0:00:21"]
[Board "73"]

1. e4 c5 2. Nf3 d6 3. d4 cxd4 4. Nxd4 Nf6 5. Nc3 Nc6 6. Bg5 e6 7. Qd2 a6 8. O-O-O Bd7 9. f4 Be7 10. Nf3 b5 11. Bxf6 gxf6 12. f5 Qb6 13. Kb1 O-O-O 14. g3 Kb8 15. fxe6 fxe6 16. Bh3 b4 17. Ne2 e5 18. Bxd7 Rxd7 19. Nh4 Rc8 20. Nf5 Bf8 21. Rhf1 Na5 22. b3 Nb7 23. Nc1 Rdc7 24. Ne3 Bh6 25. Nd5 Bxd2 26. Nxb6 Bxc1 27. Nxc8 Kxc8 28. Kxc1 Rf7 29. Rf5 Kd7 30. Rdf1 Ke6 31. g4 Nc5 32. Re1 Rg7 33. h3 a5 34. Kd2 a4 35. Ke3 axb3 36. axb3 Rc7 37. Ref1 Nd7 38. R1f2 Rc3+ 39. Kd2 Rxh3 40. Rh5 Rg3 41. Rxh7 Nc5 42. Re2 Rxg4 43. Rh8 Nxe4+ 44. Kc1 Nc3 45. Re1 f5 46. Re8+ Kd5 47. Rb8 f4 48. Kd2 Rg2+ 49. Kc1 f3 50. Rf8 e4 51. Rf5+ Kd4 52. Rf6 d5 53. Kb2 Re2 54. Rf1 Ke3 55. Rh1 d4 56. Ka1 d3 57. cxd3 Ra2# 0-1


[Site "https://www.chess.com"]

[Event "Titled Tuesday Blitz June 13 Early 2023"]
[White "Vakhlamov, Igor L."]
[Black "Papayan, Oleg"]
[WhiteFideId "24126748"]
[BlackFideId "4193911"]
[WhiteElo "2407"]
[BlackElo "2167"]
[Result "1-0"]
[Round "1"]
[TimeControl "180+2"]
[Date "2023.06.13"]
[WhiteClock "0:00:09"]
[BlackClock "0:00:19"]
[Board "74"]

1. e4 e5 2. Nf3 Nc6 3. Nc3 Nf6 4. Bb5 Nd4 5. Nxd4 exd4 6. e5 dxc3 7. exf6 Qxf6 8. dxc3 Bc5 9. O-O O-O 10. a4 a5 11. Bd3 h6 12. Qh5 d6 13. h4 Qe5 14. Bg5 Bf5 15. Rae1 Bxd3 16. Rxe5 dxe5 17. Bxh6 Bg6 18. Qxe5 gxh6 19. Qxc5 Bxc2 20. Re1 Bxa4 21. Re4 Bd7 22. Qxc7 Be6 23. Re3 Rab8 24. Qe5 Kh7 25. Qe4+ Kh8 26. Qf4 Kh7 27. Rg3 Rg8 28. Rxg8 Rxg8 29. Qd4 Rg4 30. Qd3+ Kg7 31. h5 a4 32. Qb5 Rg5 33. Qxb7 Rxh5 34. Qb4 Bb3 35. Qd4+ Kg6 36. c4 Rg5 37. c5 Rd5 38. Qe4+ Kf6 39. c6 Rc5 40. Qd4+ Re5 41. c7 Be6 42. Qd6 Kf5 43. Qxe6+ fxe6 44. c8=Q Re1+ 45. Kh2 Re2 46. Qc5+ e5 47. Qb4 Rxf2 48. Kg3 Rf4 49. Qf8+ Ke4 50. Qxh6 Ke3 51. Qb6+ Ke4 52. Qc6+ Kf5 53. Qd7+ Ke4 54. Kh3 Ke3 55. Qa7+ Kd3 56. Qb6 e4 57. Qb5+ Ke3 58. Qxa4 Kf2 59. Qc2+ Ke3 60. Qc1+ Ke2 61. Qxf4 e3 62. g4 Kd1 63. g5 e2 64. Qd4+ Kc2 65. Qc3+ Kd1 66. g6 e1=Q 67. Qxe1+ Kxe1 68. g7 Kd2 69. g8=Q Kc2 70. Kg4 Kxb2 71. Kf4 Kc3 72. Ke4 Kb4 73. Qd5 Ka4 74. Qe5 Kb4 75. Qd5 Ka4 76. Qb7 Ka5 77. Kd4 Ka4 78. Kc4 Ka5 79. Qb5# 1-0


[Site "https://www.chess.com"]

[Event "Titled Tuesday Blitz June 13 Early 2023"]
[White "The_Sherman_Variation"]
[Black "Ilamparthi A R"]
[BlackFideId "45015775"]
[WhiteElo "2452"]
[BlackElo "2348"]
[Result "0-1"]
[Round "1"]
[TimeControl "180+2"]
[Date "2023.06.13"]
[WhiteClock "0:00:09"]
[BlackClock "0:00:32"]
[Board "75"]

1. Nf3 b6 2. g3 Bb7 3. Bg2 g6 4. O-O Bg7 5. d4 Nf6 6. c4 O-O 7. Nc3 Ne4 8. Qc2 Nxc3 9. bxc3 d6 10. e4 Nc6 11. Be3 e5 12. Rad1 Qe7 13. d5 Na5 14. Nd2 Ba6 15. Qa4 f5 16. f3 f4 17. Bf2 h5 18. gxf4 exf4 19. Bd4 Be5 20. Kh1 Bc8 21. Qc2 Qf6 22. Qd3 Bd7 23. Rg1 Kh7 24. Nb3 Nb7 25. Bxe5 Qxe5 26. Qd4 Rfe8 27. Qxe5 Rxe5 28. Nd4 Na5 29. Bf1 g5 30. Kg2 g4 31. Kf2 Rg8 32. Bd3 Kh6 33. Rg2 Nb7 34. Rdg1 Nc5 35. Bc2 Rge8 36. Bb1 R5e7 37. Bc2 Kg5 38. Bd1 Nd3+ 39. Kf1 Ne5 40. Be2 Kh6 41. Ke1 Nf7 42. Kd2 Ng5 43. Kc2 h4 44. Rxg4 Bxg4 45. Rxg4 h3 46. Nf5+ Kg6 47. Nxe7+ Rxe7 48. Rxf4 Rg7 49. Rg4 Kf6 50. Kd3 Re7 51. f4 Nxe4 52. Rh4 Nf2+ 53. Kd2 Ne4+ 54. Kc2 Nf2 55. Bd3 Re1 56. Rxh3 Nxh3 0-1


[Site "https://www.chess.com"]

[Event "Titled Tuesday Blitz June 13 Early 2023"]
[White "Wojtaszek, Radoslaw"]
[Black "Lopez, Nelson M, Ii"]
[WhiteFideId "1118358"]
[BlackFideId "2027895"]
[WhiteElo "2586"]
[BlackElo "2451"]
[Result "1-0"]
[Round "1"]
[TimeControl "180+2"]
[Date "2023.06.13"]
[WhiteClock "0:00:22"]
[BlackClock "0:00:00"]
[Board "76"]

1. c4 e5 2. g3 Nf6 3. Bg2 d5 4. cxd5 Nxd5 5. Nc3 Nxc3 6. bxc3 c6 7. Nf3 Qc7 8. O-O Be7 9. d4 exd4 10. Bf4 Qa5 11. cxd4 O-O 12. Qb3 Nd7 13. h4 Nb6 14. Bg5 Bxg5 15. Nxg5 h6 16. Ne4 Be6 17. Qc2 Rad8 18. Nc5 Bc8 19. Rad1 Rfe8 20. e4 Nd7 21. Nb3 Qh5 22. Rfe1 Nf6 23. Nc5 g5 24. hxg5 hxg5 25. f3 Kg7 26. Kf2 g4 27. f4 Qg6 28. f5 Qg5 29. Qc3 b6 30. Nd3 c5 31. d5 Ba6 32. Nf4 Kf8 33. d6 Nd7 34. e5 Qxf5 35. Rh1 Kg8 36. Rh5 1-0


[Site "https://www.chess.com"]

[Event "Titled Tuesday Blitz June 13 Early 2023"]
[White "krucki03"]
[Black "Hayrapetyan, Hovik"]
[BlackFideId "13302639"]
[WhiteElo "2447"]
[BlackElo "2348"]
[Result "1/2-1/2"]
[Round "1"]
[TimeControl "180+2"]
[Date "2023.06.13"]
[WhiteClock "0:00:03"]
[BlackClock "0:00:04"]
[Board "77"]

1. e4 c5 2. Nf3 d6 3. Nc3 a6 4. d4 cxd4 5. Qxd4 Nc6 6. Qd3 Nf6 7. Bg5 e6 8. Be2 Be7 9. O-O b5 10. a3 Bb7 11. Rad1 Qc7 12. Rfe1 Rc8 13. Bf1 O-O 14. Nd4 Ne5 15. Qg3 Kh8 16. Nf3 Ng6 17. Bd3 Rfe8 18. Be3 Qb8 19. Bd4 e5 20. Be3 Rxc3 21. bxc3 Nxe4 22. Bxe4 Bxe4 23. Ng5 Bxg5 24. Bxg5 Bxc2 25. Rd2 Bb3 26. h4 h6 27. h5 Nf8 28. Be3 Ne6 29. Rb1 Bc4 30. Rbd1 d5 31. Re1 Qd6 32. f3 f6 33. Qg6 Re7 34. a4 Nf8 35. Qf5 bxa4 36. Rb1 a3 37. Qc8 Rc7 38. Qe8 Kg8 39. Rb8 a2 40. Qa4 Rf7 41. Rbb2 Ne6 42. Rxa2 Bxa2 43. Rxa2 d4 44. cxd4 exd4 45. Bd2 Rd7 46. Qxa6 Qxa6 47. Rxa6 Kf7 48. Kf2 Nc5 49. Rc6 Nd3+ 50. Ke2 Ne5 51. Rc8 Re7 52. Kf2 Nd3+ 53. Kf1 Rd7 54. Ra8 Ne5 55. Kf2 Nc4 56. Bb4 d3 57. Ra1 Ke6 58. Rd1 Kf5 59. g4+ Kg5 60. Bd2+ Nxd2 61. Rxd2 Kf4 62. Rd1 d2 63. Ke2 Rd6 64. Kf2 Rd3 65. Ke2 Re3+ 66. Kxd2 Rxf3 67. Ra1 Rg3 68. Ke2 Rxg4 69. Ra4+ Kg5 70. Ra5+ Kh4 71. Kf3 Rg5 72. Ra1 Kxh5 73. Rh1+ Kg6 74. Kf4 h5 75. Ke4 Rg4+ 76. Kf3 f5 77. Ra1 Kg5 78. Ra7 g6 79. Kf2 h4 80. Ra8 Rc4 81. Rh8 Kg4 82. Kg1 g5 83. Rd8 f4 84. Rd2 Rc3 85. Kh2 h3 86. Ra2 Kh4 87. Rf2 Rb3 88. Rf1 Rb2+ 89. Kh1 g4 90. Rg1 Ra2 91. Rf1 Rc2 92. Rxf4 Rc1+ 93. Kh2 Rc2+ 94. Kh1 Kg3 95. Rf1 Rh2+ 96. Kg1 Rc2 97. Kh1 Kh4 98. Rf4 1/2-1/2


[Site "https://www.chess.com"]

[Event "Titled Tuesday Blitz June 13 Early 2023"]
[White "Weetik, Vjacheslav"]
[Black "Principe, Alexander"]
[WhiteFideId "4153472"]
[BlackFideId "3804542"]
[WhiteElo "2469"]
[BlackElo "2203"]
[Result "1-0"]
[Round "1"]
[TimeControl "180+2"]
[Date "2023.06.13"]
[WhiteClock "0:00:19"]
[BlackClock "0:00:05"]
[Board "78"]

1. d4 Nf6 2. c4 g6 3. Nc3 Bg7 4. e4 O-O 5. Nf3 d6 6. Be2 e5 7. O-O Nc6 8. dxe5 dxe5 9. Bg5 Bg4 10. Qxd8 Nxd8 11. Bxf6 Bxf6 12. Nd5 Bg7 13. Nxc7 Rc8 14. Nd5 Re8 15. b3 Ne6 16. Rfd1 h5 17. Kf1 b6 18. Ne1 Nd4 19. Bxg4 hxg4 20. Rd2 Re6 21. Nc2 Nc6 22. Rd3 f5 23. Re1 Bh6 24. h3 gxh3 25. Rxh3 Kg7 26. exf5 gxf5 27. Nce3 Nd4 28. g4 Rf8 29. Nxf5+ Nxf5 30. gxf5 Rxf5 31. Ke2 Rg6 32. Ne7 Bd2 33. Nxf5+ Kf8 34. Kxd2 Rg1 35. Rxg1 e4 36. Rh6 Kf7 37. Rg7+ 1-0


[Site "https://www.chess.com"]

[Event "Titled Tuesday Blitz June 13 Early 2023"]
[White "ArchibaldCerveza29"]
[Black "Sattarov, Bobir"]
[BlackFideId "14203081"]
[WhiteElo "2445"]
[BlackElo "2351"]
[Result "1-0"]
[Round "1"]
[TimeControl "180+2"]
[Date "2023.06.13"]
[WhiteClock "0:00:10"]
[BlackClock "0:00:00"]
[Board "79"]

1. e4 e5 2. Nf3 Nc6 3. Bc4 Nf6 4. d3 Be7 5. O-O O-O 6. a4 d6 7. Re1 Kh8 8. c3 Ng8 9. d4 f5 10. dxe5 fxe4 11. Rxe4 Rxf3 12. gxf3 Nxe5 13. Bf1 Bf5 14. Re1 Qf8 15. Nd2 Nd3 16. Re3 Nf4 17. Ne4 d5 18. Ng3 Bd6 19. Qe1 Bg6 20. a5 a6 21. Ra4 h5 22. Ne2 Nd3 23. Qd1 Nc5 24. Rd4 Nf6 25. b4 Ncd7 26. Kh1 Ne5 27. Ng3 Nc6 28. Rxd5 Nxd5 29. Qxd5 Qf7 30. Qxf7 Bxf7 31. Bh3 Rd8 32. Re1 Ne5 33. Kg2 Nd3 34. Rd1 Nxc1 35. Rxc1 Bf4 36. Re1 Bg5 37. Ne4 Bh4 38. Re2 b6 39. Rd2 Rxd2 40. Nxd2 bxa5 41. bxa5 Be7 42. Bc8 c5 43. Bxa6 Bd8 44. Bc4 Bg6 45. a6 Bb6 46. Ne4 Bxe4 47. fxe4 g5 48. Kf3 Kg7 49. Ke3 Kf6 50. f4 gxf4+ 51. Kxf4 Bc7+ 52. Kf3 Bb8 53. h3 Ke5 54. Bd5 Ba7 55. c4 Bb8 56. Kg3 Kf6+ 57. Kh4 Kg6 58. Bc6 Kh6 59. Be8 Be5 60. a7 1-0


[Site "https://www.chess.com"]

[Event "Titled Tuesday Blitz June 13 Early 2023"]
[White "Atakhan, Abtin"]
[Black "Vega Gutierrez, Sabrina"]
[WhiteFideId "22502203"]
[BlackFideId "2219026"]
[WhiteElo "2008"]
[BlackElo "2209"]
[Result "0-1"]
[Round "1"]
[TimeControl "180+2"]
[Date "2023.06.13"]
[WhiteClock "0:00:01"]
[BlackClock "0:00:28"]
[Board "80"]

1. e4 c5 2. Nf3 e6 3. Nc3 Nc6 4. Bb5 Nge7 5. O-O Nd4 6. Re1 a6 7. Bf1 Nec6 8. Nd5 d6 9. Ne3 Be7 10. c3 Nxf3+ 11. Qxf3 O-O 12. Qd1 d5 13. d3 d4 14. Nc2 e5 15. Be2 Be6 16. c4 Qd7 17. Rb1 b5 18. b3 Rfb8 19. Bd2 b4 20. Rf1 a5 21. h3 a4 22. Ra1 Rb7 23. f4 exf4 24. Bxf4 Rba7 25. Rb1 axb3 26. axb3 Ra2 27. Qd2 R8a3 28. Qd1 Ra5 29. Qd2 Qa7 30. Bd1 Bf6 31. Qe1 Be5 32. Qg3 Qc7 33. Ne1 Bxf4 34. Rxf4 Qe5 35. Nf3 Qb8 36. Ne1 h6 37. Bg4 Bxg4 38. Qxg4 Ne5 39. Qf5 Ra1 40. Rxa1 Rxa1 41. Rf1 Qc7 42. Qf4 Qe7 43. Qd2 Qg5 44. Qb2 Rd1 45. Qe2 Rd2 46. Nf3 Rxe2 0-1


[Site "https://www.chess.com"]

[Event "Titled Tuesday Blitz June 13 Early 2023"]
[White "Bellissimo, Joseph F."]
[Black "Milikow, Yoav"]
[WhiteFideId "2609843"]
[BlackFideId "2822237"]
[WhiteElo "2103"]
[BlackElo "2410"]
[Result "1/2-1/2"]
[Round "1"]
[TimeControl "180+2"]
[Date "2023.06.13"]
[WhiteClock "0:00:07"]
[BlackClock "0:00:57"]
[Board "81"]

1. e4 e5 2. Nf3 Nc6 3. Bc4 Nf6 4. d4 exd4 5. e5 d5 6. Bb5 Ne4 7. Nxd4 Bc5 8. Be3 O-O 9. Bxc6 bxc6 10. O-O Qe8 11. f3 f6 12. fxe4 fxe5 13. Nf5 d4 14. Bg5 Qg6 15. Be7 Bxf5 16. exf5 Rxf5 17. Bxc5 Rg5 18. Rf2 Rd8 19. Qd3 e4 20. Qc4+ Kh8 21. Na3 e3 22. Re2 Qe4 23. Rf1 h6 24. Rf8+ Rxf8 25. Bxf8 Rf5 26. Bc5 Qf4 27. h3 Qf1+ 28. Kh2 Rxc5 29. Qxc5 Qxe2 30. Qxd4 Qd2 31. Qe4 Qd6+ 32. g3 Qd2+ 33. Kg1 Qf2+ 34. Kh1 e2 35. Qe8+ Kh7 36. Qe4+ Kg8 37. Qe8+ Kh7 38. Qe4+ g6 39. Qe7+ Kg8 40. Qe8+ Kg7 41. Qe7+ Kh8 42. Qe8+ Kh7 43. Qe7+ Kg8 44. Qe8+ Kg7 45. Qe7+ Kg8 1/2-1/2


[Site "https://www.chess.com"]

[Event "Titled Tuesday Blitz June 13 Early 2023"]
[White "Aradhya, Garg"]
[Black "FunnyDuck66"]
[WhiteFideId "25006746"]
[WhiteElo "2263"]
[BlackElo "2438"]
[Result "1-0"]
[Round "1"]
[TimeControl "180+2"]
[Date "2023.06.13"]
[WhiteClock "0:01:11"]
[BlackClock "0:00:00"]
[Board "82"]

1. d4 Nf6 2. c4 e6 3. Nc3 Bb4 4. e3 O-O 5. Bd2 d6 6. Bd3 Nbd7 7. Nge2 e5 8. O-O Re8 9. Qc2 Qe7 10. Ng3 Nf8 11. f3 g6 12. a3 Bxc3 13. Bxc3 b6 14. b4 Bb7 15. d5 Bc8 16. a4 a5 17. bxa5 bxa5 18. Rfb1 N8d7 19. Rb5 Nc5 20. Rxa5 Rxa5 21. Bxa5 Ba6 22. e4 Ra8 23. Bd2 Nfd7 24. Be2 Bb7 25. a5 Qd8 26. Bf1 Ba6 27. Ne2 Rb8 28. Rb1 Rxb1 29. Qxb1 Bxc4 30. Nc3 Bxf1 31. Kxf1 Qa8 32. Qb5 Qa6 33. Be3 Kg7 34. Qxa6 Nxa6 35. Ke2 f5 36. Kd3 f4 37. Bf2 g5 38. Kc4 Ndb8 39. Kb5 Kf7 40. Ba7 Ke7 41. Bxb8 Nxb8 42. a6 Nd7 43. Na4 1-0


[Site "https://www.chess.com"]

[Event "Titled Tuesday Blitz June 13 Early 2023"]
[White "Matveeva, Olga"]
[Black "Shuvalova, Polina"]
[WhiteFideId "24107018"]
[BlackFideId "24171760"]
[WhiteElo "2009"]
[BlackElo "2281"]
[Result "0-1"]
[Round "1"]
[TimeControl "180+2"]
[Date "2023.06.13"]
[WhiteClock "0:00:11"]
[BlackClock "0:01:23"]
[Board "83"]

1. d4 Nf6 2. c4 e6 3. g3 c5 4. d5 exd5 5. cxd5 d6 6. Nc3 g6 7. Bg2 Bg7 8. Nf3 O-O 9. O-O Re8 10. Nd2 Na6 11. Nc4 Nc7 12. a4 a6 13. Bf4 Bf8 14. e4 Rb8 15. e5 dxe5 16. Bxe5 b5 17. d6 Ne6 18. axb5 axb5 19. Na5 Bd7 20. Nc6 Bxc6 21. Bxc6 Nd7 22. f4 c4 23. Nd5 Bg7 24. Ra7 Nxe5 25. fxe5 Rf8 26. Nf6+ Bxf6 27. Ra6 Bxe5 28. d7 Nc5 29. Ra1 Qb6 30. Bg2 Nd3+ 31. Kh1 Nf2+ 0-1


[Site "https://www.chess.com"]

[Event "Titled Tuesday Blitz June 13 Early 2023"]
[White "Gadimbayli, Abdulla"]
[Black "Kuznetsov, Mikhail"]
[WhiteFideId "13404938"]
[BlackFideId "4117190"]
[WhiteElo "2386"]
[BlackElo "1981"]
[Result "1-0"]
[Round "1"]
[TimeControl "180+2"]
[Date "2023.06.13"]
[WhiteClock "0:00:43"]
[BlackClock "0:00:16"]
[Board "84"]

1. e4 c6 2. Nf3 d5 3. exd5 cxd5 4. Ne5 Nc6 5. d4 Nf6 6. c3 e6 7. Nd2 Bd6 8. f4 O-O 9. Bd3 Bd7 10. O-O Be8 11. Qe2 Qe7 12. Kh1 Nd7 13. Ndf3 f6 14. Nxd7 Bxd7 15. Bd2 Rae8 16. Rae1 g6 17. a3 e5 18. fxe5 fxe5 19. Bh6 e4 20. Bxf8 Rxf8 21. Bb5 exf3 22. Qxe7 Bxe7 23. Bxc6 bxc6 24. Rxe7 fxg2+ 25. Kxg2 Bh3+ 26. Kxh3 Rxf1 27. Rxa7 Rf2 28. Rb7 Rf3+ 29. Kg2 Rd3 30. a4 g5 31. a5 Rd2+ 32. Kg3 h5 33. a6 Rd3+ 34. Kf2 Rd2+ 35. Ke3 Rd1 36. a7 Ra1 37. Rb8+ Kf7 38. a8=Q Rxa8 39. Rxa8 Ke6 40. Rh8 Kf5 41. Rxh5 Kg4 42. Rh6 Kf5 43. Rxc6 Kg4 44. b4 Kh3 45. b5 g4 46. b6 Kxh2 47. Rh6+ Kg1 48. b7 g3 49. b8=Q g2 50. Qg3 Kf1 51. Qf2# 1-0


[Site "https://www.chess.com"]

[Event "Titled Tuesday Blitz June 13 Early 2023"]
[White "GMFYHR1"]
[Black "Zhao, Jun"]
[BlackFideId "8602522"]
[WhiteElo "2434"]
[BlackElo "2547"]
[Result "0-1"]
[Round "1"]
[TimeControl "180+2"]
[Date "2023.06.13"]
[WhiteClock "0:00:21"]
[BlackClock "0:00:47"]
[Board "85"]

1. e4 c5 2. Nf3 d6 3. d4 cxd4 4. Nxd4 Nf6 5. Nc3 a6 6. Bg5 e6 7. f4 Nbd7 8. Qf3 Qc7 9. O-O-O b5 10. Bd3 Bb7 11. a3 Qb6 12. Nb3 Rc8 13. g4 Rxc3 14. bxc3 d5 15. e5 Bxa3+ 16. Kd2 d4 17. Qg3 dxc3+ 18. Ke2 Bxh1 19. Rxh1 Nd5 20. f5 Qc7 21. fxe6 fxe6 22. Ra1 b4 23. Nd4 Qxe5+ 24. Qxe5 Nxe5 25. Nxe6 Nxd3 26. Kxd3 Kf7 27. Nc5 h6 28. Bh4 a5 29. Bg3 Re8 30. Nb7 Ra8 31. Nd6+ Ke6 32. Nc4 Rc8 33. Nxa5 Nf6 34. h3 Rd8+ 35. Kc4 Rd2 36. Kb3 Ne4 37. Re1 Kd5 38. Bb8 Nc5+ 39. Ka2 Rxc2+ 40. Ka1 Rc1+ 41. Rxc1 Bxc1 42. Kb1 Bg5 43. Ba7 b3 44. Bxc5 c2+ 0-1


[Site "https://www.chess.com"]

[Event "Titled Tuesday Blitz June 13 Early 2023"]
[White "Klukin, Kirill"]
[Black "Ansh M Shah"]
[WhiteFideId "24199273"]
[BlackFideId "25033379"]
[WhiteElo "2344"]
[BlackElo "2084"]
[Result "1-0"]
[Round "1"]
[TimeControl "180+2"]
[Date "2023.06.13"]
[WhiteClock "0:01:32"]
[BlackClock "0:01:05"]
[Board "86"]

1. f4 c6 2. Nf3 d5 3. g3 g6 4. Bg2 Bg7 5. O-O Nf6 6. d3 O-O 7. Nc3 Re8 8. e4 dxe4 9. dxe4 Qb6+ 10. Kh1 Ng4 11. Qe2 Qa6 12. e5 Qxe2 13. Nxe2 Nh6 14. Be3 Nf5 15. Bf2 h5 16. Rad1 Be6 17. Nfd4 Nxd4 18. Nxd4 Bg4 19. Rd2 Na6 20. h3 Bd7 21. Rfd1 Bc8 22. Nxc6 bxc6 23. Bxc6 Bxh3 24. Bxa8 Rxa8 25. Rd8+ Rxd8 26. Rxd8+ Kh7 27. Bxa7 Nb4 28. Bc5 Nxc2 29. Bxe7 Be6 30. a4 Ne3 31. a5 Nd5 32. a6 Nb6 33. a7 Bf5 34. Kh2 Be4 35. b4 Bh6 36. b5 h4 37. Bxh4 g5 38. Bxg5 Bxg5 39. fxg5 Kg6 40. Rd6+ Kxg5 41. Rxb6 Kf5 42. Rb8 Kxe5 43. a8=Q Bxa8 44. Rxa8 f5 45. Rf8 f4 46. Rxf4 Kd5 47. b6 Kc6 48. b7 Kxb7 49. g4 Kc6 50. Kg3 Kd5 51. g5 Ke5 52. g6 Ke6 53. g7 Ke7 54. g8=Q Kd6 55. Qg5 Kd7 56. Rf6 Ke8 57. Qg8+ Ke7 58. Qg7+ Ke8 59. Rf8# 1-0


[Site "https://www.chess.com"]

[Event "Titled Tuesday Blitz June 13 Early 2023"]
[White "Urquhart, Ed"]
[Black "Maximov, Dmitry"]
[WhiteFideId "2603748"]
[BlackFideId "14105659"]
[WhiteElo "2184"]
[BlackElo "2494"]
[Result "0-1"]
[Round "1"]
[TimeControl "180+2"]
[Date "2023.06.13"]
[WhiteClock "0:00:22"]
[BlackClock "0:01:11"]
[Board "87"]

1. e4 c5 2. Nc3 Nc6 3. f4 e6 4. Nf3 a6 5. g3 b5 6. Bg2 Bb7 7. d3 Nge7 8. O-O g6 9. e5 d5 10. exd6 Nf5 11. Ne4 Bg7 12. Kh1 Qb6 13. g4 Nfd4 14. Nxd4 Nxd4 15. Be3 f5 16. Ng5 Bxg2+ 17. Kxg2 Qxd6 18. c3 Nc6 19. Qf3 O-O 20. Rae1 Rae8 21. gxf5 exf5 22. Bf2 h6 23. Nh3 Rd8 24. Re3 b4 25. Rfe1 Rf6 26. Re8+ Rxe8 27. Rxe8+ Kf7 28. Rc8 bxc3 29. bxc3 Re6 30. Ng1 Bxc3 31. Ne2 Bf6 32. Ng3 a5 33. Nxf5 gxf5 34. Qh5+ Kg7 35. Qxf5 Ne7 36. Qg4+ Kh7 37. Re8 Bg7 38. f5 Qd5+ 39. Kg1 Nxf5 0-1


[Site "https://www.chess.com"]

[Event "Titled Tuesday Blitz June 13 Early 2023"]
[White "Starozhilov, Leonid"]
[Black "Xu, Daniel"]
[WhiteFideId "14106752"]
[BlackFideId "2627345"]
[WhiteElo "2352"]
[BlackElo "1980"]
[Result "1-0"]
[Round "1"]
[TimeControl "180+2"]
[Date "2023.06.13"]
[WhiteClock "0:00:08"]
[BlackClock "0:00:05"]
[Board "88"]

1. e4 c5 2. Nf3 d6 3. Bb5+ Nd7 4. O-O Nf6 5. Re1 a6 6. Bxd7+ Bxd7 7. c3 e6 8. d4 cxd4 9. cxd4 d5 10. e5 Ne4 11. Nbd2 Nxd2 12. Bxd2 Be7 13. Qb3 Bc6 14. Bb4 O-O 15. Rac1 Qd7 16. Bxe7 Qxe7 17. Rc5 Rfc8 18. Rec1 Qd7 19. Qc3 Rd8 20. h4 Qe8 21. b3 Rdc8 22. Qb4 Bb5 23. Ne1 Rxc5 24. Qxc5 Bd7 25. Nd3 Rc8 26. Qd6 Rxc1+ 27. Nxc1 Bc6 28. Nd3 Qd7 29. Qb8+ Qe8 30. Qxe8+ Bxe8 31. Nc5 Bc6 32. Kf1 Kf8 33. Ke1 Ke7 34. Kd2 Kd8 35. Kc3 Kc7 36. a4 Kd8 37. Nd3 Kd7 38. g4 Kd8 39. f4 Ke7 40. Kb4 Kd8 41. Kc5 Kc7 42. a5 Bb5 43. Nf2 Be2 44. f5 Bf3 45. b4 Be2 46. f6 g6 47. g5 Bf3 48. Nd3 Be2 49. Nf4 Bg4 50. b5 axb5 51. Kxb5 Bf5 52. h5 gxh5 53. Nxh5 Bg6 54. Nf4 Bf5 55. Kc5 Bg4 56. Nd3 Bf5 57. Nc1 Bg6 58. Ne2 Bf5 59. Nc3 Bg6 60. Nb5+ Kd7 61. Kb6 Bd3 62. Nd6 1-0


[Site "https://www.chess.com"]

[Event "Titled Tuesday Blitz June 13 Early 2023"]
[White "Goncalves, Davi Sulzbacher"]
[Black "Pakleza, Zbigniew"]
[WhiteFideId "2154510"]
[BlackFideId "1119290"]
[WhiteElo "2182"]
[BlackElo "2410"]
[Result "0-1"]
[Round "1"]
[TimeControl "180+2"]
[Date "2023.06.13"]
[WhiteClock "0:00:00"]
[BlackClock "0:00:05"]
[Board "89"]

1. Nf3 d5 2. g3 Nf6 3. Bg2 Bf5 4. O-O e6 5. b3 Be7 6. Bb2 O-O 7. d3 h6 8. Nbd2 Bh7 9. c4 c6 10. Rc1 a5 11. a3 Nbd7 12. Re1 Qb6 13. e4 Nc5 14. Bd4 dxe4 15. dxe4 Rfd8 16. Qe2 Qc7 17. Qe3 Ncd7 18. c5 Ng4 19. Qe2 Nde5 20. h3 Nxf3+ 21. Nxf3 Nf6 22. Be5 Qc8 23. Nd2 Nd7 24. Bd4 e5 25. Be3 Qc7 26. Red1 Kf8 27. f4 f6 28. Qf2 Bg8 29. Bf1 Be6 30. f5 Bf7 31. g4 Nb8 32. Bc4 Na6 33. Bxf7 Kxf7 34. Qe2 Rd7 35. Qc4+ Kf8 36. Nf3 Rad8 37. Rxd7 Qxd7 38. b4 axb4 39. Nh4 Qd3 40. Ng6+ Ke8 41. Qg8+ Kd7 42. Qe6+ Kc7 43. Bf2 Bxc5 44. Bxc5 Nxc5 45. Qe7+ Nd7 46. Qxb4 Qd4+ 47. Qxd4 exd4 48. e5 Nxe5 49. Nxe5 fxe5 50. Rd1 c5 51. Kf2 c4 52. Ke2 e4 53. Kd2 Kc6 54. Kc2 Kd5 55. Re1 e3 56. Rb1 d3+ 57. Kc3 e2 58. Kd2 Kd4 59. Rc1 b5 60. Rb1 c3+ 61. Ke1 Ke3 0-1


[Site "https://www.chess.com"]

[Event "Titled Tuesday Blitz June 13 Early 2023"]
[White "Csonka, Balazs"]
[Black "Gomez Barrera, Javiera Belen"]
[WhiteFideId "742910"]
[BlackFideId "3418723"]
[WhiteElo "2404"]
[BlackElo "2119"]
[Result "1-0"]
[Round "1"]
[TimeControl "180+2"]
[Date "2023.06.13"]
[WhiteClock "0:00:04"]
[BlackClock "0:00:00"]
[Board "90"]

1. c4 Nf6 2. g3 g6 3. Bg2 Bg7 4. Nc3 O-O 5. Nf3 d6 6. O-O e5 7. d4 Nc6 8. d5 Nb8 9. e4 a5 10. Ne1 Na6 11. Nd3 Nd7 12. Be3 b6 13. f4 f5 14. exf5 gxf5 15. fxe5 dxe5 16. Qh5 Nf6 17. Qh4 Ng4 18. Bg5 Bf6 19. Bxf6 Qxf6 20. Qxf6 Rxf6 21. h3 Ne3 22. Nxe5 Nxf1 23. Rxf1 Bb7 24. Ne4 Rff8 25. Ng5 Nc5 26. b3 Rae8 27. Nc6 Re2 28. a3 h6 29. Nf3 Nxb3 30. Nfd4 Nxd4 31. Nxd4 Re5 32. h4 Bc8 33. Nc6 Re3 34. Kf2 Rxa3 35. Re1 Bd7 36. Re7 Bxc6 37. dxc6 Ra2+ 38. Kg1 Ra1+ 39. Kh2 a4 40. Bd5+ Kh8 41. Rxc7 a3 42. Ra7 f4 43. gxf4 Rxf4 44. c7 Rf8 45. Be6 a2 46. c8=Q Rxc8 47. Bxc8 Rc1 48. Rxa2 Rxc4 49. Ra8 Rxh4+ 50. Kg3 Rb4 51. Rb8 Kg7 52. Bg4 Kf6 53. Bf3 Ke5 54. Rh8 Kd4 55. Rxh6 Kc3 56. Kf2 Rb2+ 57. Ke3 b5 58. Rc6+ Kb4 59. Be4 Ka5 60. Kd4 Rb4+ 61. Kd5 Rc4 62. Rh6 Rc1 63. Bd3 Rd1 64. Kd4 Rc1 65. Rh5 1-0


[Site "https://www.chess.com"]